 Dungeon Crawl Stone Soup version 0.30-a0-691-g754fce4c43 (webtiles) character file.

Game seed: 13508447271140462151

118 PimpSugar the Magician (level 4, 0/30 (32) HPs)
             Began as a Demonspawn Hedge Wizard on Jan 20, 2023.
             Slain by an orc
             ... wielding a +0 whip
              (5 damage)
             ... on level 3 of the Dungeon.
             The game lasted 00:07:14 (2201 turns).

PimpSugar the Magician (Demonspawn Hedge Wizard)    Turns: 2201, Time: 00:07:14

HP:   0/30 (32)     AC:  4    Str: 10    XL:     4   Next: 72%
MP:   6/9           EV: 11    Int: 18    God:
Gold: 64            SH:  0    Dex: 12    Spells: 7/10 levels left

rFire   . . .      SeeInvis .    a - +0 dagger
rCold   . . .      Faith    .    (no shield)
rNeg    . . .      Spirit   .    p - +0 leather armour
rPois   .          Reflect  .    c - +0 hat
rElec   .          Harm     .    g - +0 cloak
rCorr   .          Rampage  .    (no gloves)
Will    .....                    (no boots)
Stlth   ++                       (no amulet)
HPRegen 0.25/turn                (no ring)
MPRegen 0.11/turn                (no ring)

@: drained
A: antennae 1, demonic guardian 1, demonic touch 1
a: no special abilities


You were on level 3 of the Dungeon.
You visited 1 branch of the dungeon, and saw 3 of its levels.

You collected 64 gold pieces.

Inventory:

Hand Weapons
 a - a +0 dagger (weapon)
Missiles
 e - 10 stones (quivered)
 f - 8 poisoned darts
 n - 2 javelins
Armour
 b - a +0 robe
 c - a +0 hat (worn)
 g - a +0 cloak (worn)
 p - a +0 leather armour (worn)
Scrolls
 j - a scroll of noise {unknown}
 k - 2 scrolls of enchant armour {unknown}
 m - a scroll of fear {unknown}
Potions
 d - 2 potions of magic
 h - a potion of attraction {unknown}
 i - a potion of haste {unknown}
 l - a potion of curing {unknown}


   Skills:
 + Level 1.2 Fighting
 + Level 2.2 Dodging
 + Level 2.2 Stealth
 * Level 3.5 Spellcasting
 * Level 2.2 Conjurations
 + Level 1.7 Summonings
 + Level 1.4 Translocations


You had 7 spell levels left.
You knew the following spells:

 Your Spells              Type           Power      Damage    Failure   Level
a - Magic Dart            Conj           44%        1d5       9%          1
b - Call Imp              Summ           9%         N/A       16%         2

Your spell library contained the following spells:

 Spells                   Type           Power      Damage    Failure   Level
 Blink                    Tloc           16%        N/A       17%         2
 Slow                     Hex            12%        N/A       22%         1
 Sting                    Tmut/Pois      12%        1d3       22%         1
 Cigotuvi's Dreadful Rot  Necr/Pois/Air  6%         N/A       32%         2
 Poisonous Vapours        Pois/Air       6%         N/A       32%         2
 Mephitic Cloud           Conj/Pois/Air  5%         N/A       43%         3
 Olgreb's Toxic Radiance  Pois           3%         N/A       91%         4


Dungeon Overview and Level Annotations

Branches:
Dungeon (3/15)

Altars:
Kikubaaqudgha
Yredelemnul


Innate Abilities, Weirdness & Mutations

You have a pair of small antennae on your head.
A weak demonic guardian rushes to your aid.
Your touch may inflict minor irresistible damage on your foes.


Message History

* * * LOW HITPOINT WARNING * * *
A demonic guardian appears!
The orc wizard hits you with a +0 dagger.
* * * LOW HITPOINT WARNING * * *
Your crimson imp hits the orc wizard but does no damage.
Found a scroll labelled SYLUTEBU PIFIM.
Your crimson imp hits the orc wizard.
You hit the orc wizard but do no damage.
Your touch misses the orc wizard.
Your ufetubus closely misses the orc wizard. x2
The orc wizard misses you.
Your ufetubus closely misses the orc wizard.
Your ufetubus misses the orc wizard.
Your crimson imp hits the orc wizard but does no damage.
You barely miss the orc.
You touch the orc.
You kill the orc!
Your ufetubus hits the orc wizard.
Your ufetubus barely misses the orc wizard.
The orc wizard mumbles some strange words.
The orc wizard flickers and vanishes!
Deactivating autopickup; reactivate with Ctrl-A.
The orc wizard gestures at you while chanting.
You resist with some effort.
Your crimson imp blinks!
Your ufetubus barely misses the orc wizard.
Your ufetubus hits the orc wizard.
The orc wizard hits you but does no damage.
Your ufetubus hits the orc wizard but does no damage. x2
Things that are here:
a +0 flail; a +0 ring mail You bump into the rock wall.
You feel less confused.
Your ufetubus closely misses the orc wizard.
Your ufetubus hits the orc wizard. The orc closely misses you.
The orc wizard hits you but does no damage.
You closely miss the orc wizard. Your touch misses the orc wizard.
The orc wizard is severely wounded.
Your ufetubus hits the orc wizard. x2; Something hits you.
* * * LOW HITPOINT WARNING * * *
The orc hits you with a +0 whip.
You die...

#.. ..##....##>.#####
#...#...........# #
#...#..........)#
#.#...#...........###.#
......................#
........#..######.#######
.......5.:...............
.......o{##....##.#######
?......o@#####+##.#
.........# #.# .........#
#.# .........# #.#
#####+##.. ..# ###. .## .
.


You could see an orc wizard (distracted, ally target), an orc and a friendly
ufetubus (summoned).

Vanquished Creatures
  2 jellies (D:3)
  A worm (D:3)
  An orc (D:3)
  2 ball pythons (D:1)
  3 bats
  An endoplasm (D:3)
  2 giant cockroaches (D:2)
  4 goblins
  3 hobgoblins
  4 jackals
  2 quokkas (D:1)
  A frilled lizard (D:1)
  5 kobolds
  4 rats (D:1)
35 creatures vanquished.

Vanquished Creatures (collateral kills)
  An adder (D:2)
  A giant cockroach (D:2)
  2 goblins
  2 jackals (D:1)
6 creatures vanquished.

Vanquished Creatures (others)
  A ball python zombie (D:2)
  A quokka zombie (D:2)
2 creatures vanquished.

Grand Total: 43 creatures vanquished

Notes
Turn   | Place    | Note
-------+----------+-------------------------------------------
     0 | D:1      | PimpSugar the Demonspawn Hedge Wizard began the quest for
                  | the Orb.
     0 | D:1      | Reached XP level 1. HP: 13/13 MP: 4/4
   187 | D:1      | Reached skill level 1 in Translocations
   198 | D:1      | Gained mutation: A weak demonic guardian rushes to your
                  | aid. [demonic ancestry]
   198 | D:1      | Reached XP level 2. HP: 19/20 MP: 0/6
   355 | D:1      | Learned a level 2 spell: Call Imp
   926 | D:2      | Found a faded altar of an unknown god.
   934 | D:2      | Prayed at the altar of an unknown god.
   934 | D:2      | Became a worshipper of Yredelemnul the Dark
   934 | D:2      | Reached * piety under Yredelemnul
  1095 | D:2      | Discovered your monstrous ancestry.
  1095 | D:2      | Gained mutation: Your touch may inflict minor irresistible
                  | damage on your foes. [demonic ancestry]
  1095 | D:2      | Reached XP level 3. HP: 25/25 MP: 5/7
  1168 | D:2      | Found an ancient bone altar of Kikubaaqudgha.
  1665 | D:3      | Fell from the grace of Yredelemnul
  1734 | D:3      | Reached skill level 1 in Fighting
  1734 | D:3      | Gained mutation: You have a pair of small antennae on your
                  | head. [demonic ancestry]
  1734 | D:3      | Reached XP level 4. HP: 14/32 MP: 2/9
  2201 | D:3      | Slain by an orc

Illustrated notes

Levels and vault maps discovered:
D:1:      saegor_arrival_simple_b, layout_loops_ring
D:2:      layout_loops_ring, basic_altar, hellmonk_ecumenical_altar_arch_garden,
          serial_glass, glass_columns_a, glass_columns_a
D:3:      layout_basic, nicolae_ru_path_of_blood, dk_xom_monty_hall

Skill      XL: |  1  2  3 |
---------------+----------+-----
Translocations | 1 |  1.4
Stealth        | 2 |  2.2
Dodging        | 2 |  2.2
Fighting       | 1 |  1.2
Conjurations   | 2 |  2.2
Spellcasting   | |  3.5
Summonings     | |  1.7

Action                   |  1- 3 |  4- 6 || total
-------------------------+-------+-------++-------
Melee: Dagger            |    78 |    14 ||    92
       Punch             |     1 |       ||     1
       Touch             |     4 |     5 ||     9
Throw: Stone             |       |     4 ||     4
 Cast: Magic Dart        |    47 |    11 ||    58
       Call Imp          |       |     1 ||     1
Invok: Recall Undead Har |     2 |       ||     2
       Renounce Religion |     1 |       ||     1
Armor: Robe              |    27 |     1 ||    28
       Leather armour    |       |     5 ||     5
Dodge: Dodged            |    57 |    11 ||    68

Table legend: (Time is in decaauts)
 A = Elapsed time spent in this place.
 B = Non-inter-level travel time spent in this place.
 C = Inter-level travel time spent in this place.
 D = Time resting spent in this place.
 E = Time spent auto-exploring this place.
 F = Levels seen in this place.
 G = Mean time per level.
                   A        B        C        D        E       F      G
               +--------+--------+--------+--------+--------+-----+--------+
         Total |   2200 |   2134 |     66 |    173 |   1335 |   3 |  733.3 |
       Dungeon |   2200 |   2134 |     66 |    173 |   1335 |   3 |  733.3 |
               +--------+--------+--------+--------+--------+-----+--------+

Top non-repeatable levels by time:
     D:1: 904 daAuts
     D:2: 755 daAuts
     D:3: 541 daAuts
